 Dungeon Crawl Stone Soup version 0.30-a0-696-g2367cd04db (webtiles) character file.

Game seed: 5046125108739235961

137 greenreed the Ruffian (level 5, -2/53 HPs)
             Began as a Troll Monk on Jan 20, 2023.
             Was a Follower of Okawaru.
             Slain by a gnoll
             ... wielding a +0 whip
              (5 damage)
             ... on level 3 of the Dungeon.
             The game lasted 00:02:44 (1707 turns).

greenreed the Ruffian (Troll Monk)                  Turns: 1707, Time: 00:02:45

Health: -2/53      AC:  4    Str: 21    XL:     5   Next: 0%
Magic:  1/4        EV: 12    Int:  6    God:    Okawaru [*.....]
Gold:   130        SH:  0    Dex: 12    Spells: 4/4 levels left

rFire   . . .      SeeInvis .      - Unarmed
rCold   + . .      Faith    .    (no shield)
rNeg    . . .      Spirit   .    a - +0 robe
rPois   .          Reflect  .    (helmet restricted)
rElec   .          Harm     .    (no cloak)
rCorr   .          Rampage  .    (gloves unavailable)
Will    .....                    (boots unavailable)
Stlth   +++                      (no amulet)
HPRegen 1.08/turn                c - ring of protection from cold
MPRegen 0.09/turn                (no ring)

@: heroic
A: large, unfitting armour, claws 3, regeneration 1, shaggy fur 1, tough skin 1
a: Renounce Religion, Heroism


You were on level 3 of the Dungeon.
You worshipped Okawaru.
Okawaru was aware of your devotion.
You visited 1 branch of the dungeon, and saw 3 of its levels.

You collected 130 gold pieces.

Inventory:

Armour
 a - a +0 robe (worn)
Jewellery
 c - a ring of protection from cold (left claw)
 i - a ring of flight
Scrolls
 f - 3 scrolls of identify {unknown}
 g - a scroll of noise {unknown}
 h - a scroll of poison {unknown}
 j - 2 scrolls of blinking {unknown}
 k - 3 scrolls of fear {unknown}
 m - a scroll of fog {unknown}
 n - a scroll of enchant weapon {unknown}
Potions
 b - 2 potions of ambrosia
 d - a potion of might {unknown}
 e - 2 potions of haste {unknown}
 l - 2 potions of degeneration {unknown}
 o - 2 potions of curing {unknown}


   Skills:
 * Level 3.0(8.0) Fighting
 + Level 2.9(7.9) Dodging
 + Level 1.2(6.2) Stealth
 * Level 4.7(9.7) Unarmed Combat


You had 4 spell levels left.
You didn't know any spells.
Your spell library contained the following spells:

 Spells                   Type           Power      Damage    Failure   Level
 Inner Flame              Hex/Fire       0%         N/A       83%         3
 Flame Wave               Conj/Fire      0%         2d4       99%         4
 Sticky Flame             Conj/Fire      0%         2d3       99%         4


Dungeon Overview and Level Annotations

Branches:
Dungeon (3/15)

Altars:
Cheibriados
Elyvilon
Okawaru
Ru
Sif Muna

Shops:
D:3 [


Innate Abilities, Weirdness & Mutations

You are too large for most types of armour.
You have claws for hands.
Your natural rate of healing is unusually fast.
You are covered in fur. (AC +1)
You have tough skin. (AC +1)


Message History

The gnoll closely misses you. The gnoll hits you with a +0 club.
You are too injured to fight recklessly!
You are too injured to fight recklessly!
You gain the combat prowess of a mighty hero.
The gnoll hits you with a +0 whip! The gnoll hits you with a +0 club.
* * * LOW HITPOINT WARNING * * *
You closely miss the gnoll.
The gnoll is lightly wounded.
The gnoll hits you with a +0 club!
* * * LOW HITPOINT WARNING * * *
You barely miss the gnoll.
The gnoll is lightly wounded.
The gnoll barely misses you.
You claw the gnoll!
The gnoll is severely wounded.
You mangle the gnoll!!
You kill the gnoll!
Okawaru accepts your kill.
You barely miss the gnoll. The gnoll hits you with a +0 whip.
* * * LOW HITPOINT WARNING * * *
You scratch the gnoll.
The gnoll is lightly wounded.
The gnoll hits you with a +0 whip.
* * * LOW HITPOINT WARNING * * *
The gnoll barely misses you.
You closely miss the gnoll.
The gnoll is lightly wounded.
The gnoll barely misses you. The gnoll closely misses you.
You barely miss the gnoll.
The gnoll is lightly wounded.
The gnoll completely misses you. The gnoll hits you with a +0 whip.
* * * LOW HITPOINT WARNING * * *
You claw the gnoll!
You kill the gnoll!
Okawaru accepts your kill.
You have reached level 5!
You scratch the gnoll.
The gnoll is moderately wounded.
The gnoll hits you with a +0 whip.
You die...

#######.######....#####..)######.
#......†....#### #..## #..
.....###....#### #.## ##.# ####
####^.# ###.######..# . ##.#
#..........## ## ### #.#
##.....###### ..
##.#######......# #.#
##...#.)g.#.....∩#
..##.####'@####.....#####
#.#..#≈≈≈..≈≈≈#.........#
#.#..#≈...).§§#...#####.#
#....#≈.###.§§#.........#
##.#.'.)#..#§§'..≈.8.≈..#
#...'..#..#..'..≈...≈..#
##..#≈..###.≈#..≈≈.≈≈.##
##.#≈......≈#..≈≈.≈≈.# ########
#.#§≈≈..≈≈≈#..≈≈.≈≈.#


You could see a gnoll.

Vanquished Creatures
  2 orc priests (D:2)
  2 gnolls (D:3)
  An adder (D:2)
  A worm (D:2)
  2 orcs
  5 bats
  3 endoplasms
  3 giant cockroaches
  2 goblins
  A hobgoblin (D:1)
  5 kobolds
  7 quokkas
  3 ball pythons (D:3)
  3 frilled lizards
  A rat (D:2)
41 creatures vanquished.

Notes
Turn   | Place    | Note
-------+----------+-------------------------------------------
     0 | D:1      | greenreed the Troll Monk began the quest for the Orb.
     0 | D:1      | Reached XP level 1. HP: 22/22 MP: 0/0
    47 | D:1      | Reached XP level 2. HP: 21/29 MP: 1/1
   675 | D:2      | Reached XP level 3. HP: 30/36 MP: 2/2
  1437 | D:3      | Found a white marble altar of Elyvilon.
  1516 | D:2      | Reached skill level 4 in Unarmed Combat
  1516 | D:2      | Reached XP level 4. HP: 25/44 MP: 3/3
  1571 | D:3      | Found Ykhat's Armour Emporium.
  1594 | D:3      | Found a shimmering blue altar of Sif Muna.
  1594 | D:3      | Found a snail-covered altar of Cheibriados.
  1600 | D:3      | Found a sacrificial altar of Ru.
  1605 | D:3      | Found an iron altar of Okawaru.
  1609 | D:3      | Became a worshipper of Warmaster Okawaru
  1609 | D:3      | Reached * piety under Okawaru
  1609 | D:3      | Reached ** piety under Okawaru
  1705 | D:3      | HP: 1/45 [gnoll/+0 whip (4)]
  1707 | D:3      | Reached XP level 5. HP: 2/53 MP: 1/4
  1707 | D:3      | Slain by a gnoll

Illustrated notes

Levels and vault maps discovered:
D:1:      minmay_arrival_radiant_lines, layout_loops_ring
D:2:      layout_basic, serial_co_window_serial, co_window_corner_a,
          co_window_paths_b, co_window_paths_a, co_window_cross_1,
          co_window_paths_a, co_window_2corner, co_window_corner_b,
          co_window_of_opportunity_c, co_window_corner_b, co_window_sun,
          co_window_4corner_b, glass_columns_a, glass_columns_c,
          glass_columns_b, glass_columns_a
D:3:      minmay_octagon_keep, layout_rooms, grunt_temple_overflow_cloverleaf,
          mainiacjoe_overflow_catwalk, shapermc_ecumenical_altar_mp_vishouse,
          serial_shops, shop, kennysheep_generic_room_7

Skill      XL: |  1  2  3  4 |
---------------+-------------+-----
Unarmed Combat | 4 |  4.7
Fighting       | 3 |  3.0
Dodging        | |  2.9
Stealth        | |  1.2

Action                   |  1- 3 |  4- 6 || total
-------------------------+-------+-------++-------
Melee: Unarmed           |    80 |    32 ||   112
       Punch             |     2 |       ||     2
Invok: Heroism           |       |     1 ||     1
 Stab: Sleeping          |     4 |       ||     4
Armor: Robe              |    32 |     3 ||    35
Dodge: Dodged            |    43 |    18 ||    61

Table legend: (Time is in decaauts)
 A = Elapsed time spent in this place.
 B = Non-inter-level travel time spent in this place.
 C = Inter-level travel time spent in this place.
 D = Time resting spent in this place.
 E = Time spent auto-exploring this place.
 F = Levels seen in this place.
 G = Mean time per level.
                   A        B        C        D        E       F      G
               +--------+--------+--------+--------+--------+-----+--------+
         Total |   1700 |   1657 |     43 |     56 |   1316 |   3 |  566.7 |
       Dungeon |   1700 |   1657 |     43 |     56 |   1316 |   3 |  566.7 |
               +--------+--------+--------+--------+--------+-----+--------+

Top non-repeatable levels by time:
     D:2: 877 daAuts
     D:1: 517 daAuts
     D:3: 305 daAuts
